 Dungeon Crawl Stone Soup version 0.18-a0-1526-gcb34c7c (webtiles) character file.

20139 4thArraOfDagon the Bludgeoner (level 12, -3/192 HPs)
             Began as an Ogre Arcane Marksman on Mar 8, 2016.
             Was a Priest of Kikubaaqudgha.
             Slain by a troll (4 damage)
             ... on level 11 of the Dungeon.
             The game lasted 01:03:30 (11059 turns).

4thArraOfDagon the Bludgeoner (OgAM)               Turns: 11059, Time: 01:03:34

Health: -3/192     AC: 26    Str: 17    XL:     12   Next: 76%
Magic:  15/20      EV:  1    Int: 13    God:    Kikubaaqudgha [***...]
Gold:   999        SH:  0    Dex: 12    Spells: 5 memorised, 4 levels left

rFire  . . .     SeeInvis .     H - +2 giant spiked club
rCold  + . .     Gourm    .     (armour currently unavailable)
rNeg   + + +     Faith    .     (shield currently unavailable)
rPois  +         Spirit   .     (helmet currently unavailable)
rElec  +         Dismiss  .     (cloak currently unavailable)
rCorr  .         Reflect  .     (gloves unavailable)
SustAt .         Harm     .     (boots unavailable)
MR     +....     NoTele   +     (no amulet)
Stlth  ..........               d - ring of Firesoph {rElec rC+ rN+ Int-3 Stlth-}
                                K - +4 ring of dexterity

@: tree-form, regenerating, somewhat resistant to hostile enchantments,
extremely unstealthy
A: unfitting armour, (claws 0), rough black scales 1, regeneration 1, (tough
skin 0), weak 1, no device heal 1, (sturdy frame 0)
a: Receive Corpses, Renounce Religion


You were on level 11 of the Dungeon.
You worshipped Kikubaaqudgha.
Kikubaaqudgha was most pleased with you.
You were not hungry.
You were a tree.
You visited 3 branches of the dungeon, and saw 16 of its levels.
You also visited: Sewer.

You collected 999 gold pieces.

Inventory:

Hand Weapons
 n - a +0 flail of holy wrath
 x - a +1 mace of protection
 H - a +2 giant spiked club (weapon)
Missiles
 e - 41 poisoned needles
 o - 6 large rocks (quivered)
Armour
 M - a +0 cloak (melded)
 P - a troll hide (melded)
Magical Staves
 O - an uncursed staff of earth
Rods
 y - a +0 rod of inaccuracy (13/13)
   (You found it on level 8 of the Dungeon)
Jewellery
 d - the ring of Firesoph (right branch) {rElec rC+ rN+ Int-3 Stlth-}
   (You found it on level 6 of the Dungeon)

   [ring of loudness]

   It affects your intelligence (-3).
   It protects you from cold.
   It insulates you from electricity.
   It protects you from negative energy.
   It makes you less stealthy.
 g - an uncursed ring of resist corrosion
 l - an uncursed ring of fire
 E - an uncursed ring of teleportation
 K - a +4 ring of dexterity (left branch)
 T - an uncursed ring of see invisible
Wands
 h - a wand of iceblast (0/15)
 p - a wand of lightning (6/15)
 A - a wand of acid (0/15)
 F - a wand of iceblast (0/15)
 L - a wand of hasting (0/9)
 Q - a wand of random effects (11/48)
 R - a wand of hasting (0/9)
Scrolls
 k - 8 scrolls of remove curse
 r - 2 scrolls of amnesia
 z - 2 scrolls of teleportation
 B - a scroll of noise
 D - a scroll of immolation
Potions
 a - a potion of ambrosia {unknown}
 i - 2 potions of flight
 j - 5 potions of cancellation
 m - a potion of mutation {unknown}
 s - 3 potions of curing
 u - a potion of agility {unknown}
 J - 2 potions of berserk rage {unknown}
 S - 3 potions of cure mutation {unknown}
 W - a potion of brilliance {unknown}
 Z - a potion of magic {unknown}
Books
 c - Kikubaaqudgha's Papyrus of Necromancy
   (Kikubaaqudgha gifted it to you on level 12 of the Dungeon)

   Spells                             Type                      Level
   a - Animate Dead                   Necromancy                   4
   b - Excruciating Wounds            Charms/Necromancy            5
   c - Bolt of Draining               Conjuration/Necromancy       5
   d - Dispel Undead                  Necromancy                   5
   e - Simulacrum                     Ice/Necromancy               6
 G - Kikubaaqudgha's Grimoire of Necromancy
   (Kikubaaqudgha gifted it to you on level 6 of the Dungeon)

   Spells                             Type                      Level
   a - Pain                           Necromancy                   1
   b - Corpse Rot                     Necromancy                   2
   c - Sublimation of Blood           Necromancy                   2
   d - Regeneration                   Charms/Necromancy            3
   e - Control Undead                 Necromancy                   4
 N - a book of Unlife

   Spells                             Type                      Level
   a - Recall                         Summoning/Translocation      3
   b - Animate Dead                   Necromancy                   4
   c - Control Undead                 Necromancy                   4
   d - Cigotuvi's Embrace             Necromancy                   5
   e - Death Channel                  Necromancy                   6
   f - Simulacrum                     Ice/Necromancy               6
Miscellaneous
 w - a lamp of fire (inert)
 U - a phial of floods (inert)
 V - a box of beasts {used: 9}
Comestibles
 b - 2 chunks of flesh
 f - 4 bread rations
 I - 4 meat rations


   Skills:
 + Level 10.9 Fighting
 * Level 15.4 Maces & Flails
 - Level 3.0 Throwing
 + Level 4.2 Armour
 + Level 5.1 Dodging
 + Level 5.5 Spellcasting
   Level 2.1 Hexes
 - Level 4.8 Charms
 * Level 5.5 Necromancy
 * Level 3.9 Evocations


You had 4 spell levels left.
You knew the following spells:

 Your Spells              Type           Power        Failure   Level  Hunger
b - Regeneration          Chrm/Necr      ###.......   8%          3    ###....
c - Sublimation of Blood  Necr           ###.......   3%          2    ##.....
d - Animate Dead          Necr           N/A          21%         4    ####...
e - Dispel Undead         Necr           ###.....     63%         5    ######.
f - Summon Lightning Spi  Summ/Air       #.......     99%         4    ####...


Dungeon Overview and Level Annotations

Branches:
Dungeon (14/15)            Temple (1/1) D:6             Orc (1/2) D:12
   Lair: D:8-11      Vaults: D:13-14

Altars:
Ashenzari
Cheibriados
Dithmenos
Elyvilon
Fedhas
Gozag
Kikubaaqudgha
Makhleb
Nemelex Xobeh
Okawaru
Pakellas
Qazlal
Ru
Sif Muna
Trog
Vehumet
Xom
Yredelemnul
Zin
The Shining One

Annotations:
D:7 4 runed doors


Innate Abilities, Weirdness & Mutations

You are too large for most types of armour.
((You have tough skin (AC +1).))
((You have sharp fingernails.))
(You are partially covered in rough black scales (AC +4, Dex -1).)
Your natural rate of healing is unusually fast.
You are weak. (Str -2)
Potions and wands are less effective at restoring your health.
((Your movements are slightly less encumbered by armour (ER -2).))


Message History

Unknown command.
Unknown command.
You see here 2 tomahawks.
Unknown command.
Drink which item? (? for menu, Esc to quit)
Okay, then.
Read which item? (? for menu, Esc to quit)
Okay, then.
Evoke which item? (* to show all) (? for menu, Esc to quit)
Okay, then.
Unknown command.
Unknown command.
Drink which item? (? for menu, Esc to quit)
You turn into a tree.
Your +0 cloak melds into your body.
Your troll hide melds into your body.
Your roots penetrate the ground.
The troll bites you!
* * * LOW HITPOINT WARNING * * *
The troll claws you.
You die...
Kikubaaqudgha rasps: "You have failed me!
Welcome... death!"

#.# #.# # #.# #.# ## #.# #.# .#
#####'## #.# .# #.(....# #.##
.####.....(# #..# .'..+.....(#
####.############
.####.....[######.....)>[........
.# #......'.)HT♣H##)############
.# #.....>#########.# Z# #..)...#
#.# .# #..[>..# #.# ## ##.)####
#.# ###.###### #.## ###
####........# #..## #..
...)........# ##..# #..
.###.)).....#### ####'## #..


You could see a hippogriff, a troll and a friendly juvenile weirdshock beast.

Vanquished Creatures
  Snorg (D:11)
  The ghost of Inverse the Spear-Bearer, a journeyman DrAr of Ru (D:11)
  Erolcha (D:9)
  2 unseen horrors
  2 hill giants (D:12)
  An orc knight (D:12)
  A deep elf mage (D:12)
  A centaur zombie (D:11)
  An ugly thing (D:11)
  2 cyclopes
  Maurice (D:11)
  A gargoyle (D:11)
  2 centaur skeletons
  A kobold demonologist (D:12)
  2 trolls
  7 slime creatures (D:12)
  A wraith (D:12)
  15 yaks
  2 wyverns
  6 vampire mosquitoes
  A hippogriff (D:12)
  A warg (Orc:1)
  A mottled dragon (D:13)
  A water moccasin (D:6)
  7 orc warriors
  4 phantoms
  An ice beast (D:6)
  2 wasps
  2 sky beasts
  A black bear (D:9)
  6 centaurs
  10 ogres
  2 crocodiles
  3 gnoll sergeants (D:6)
  3 giant frogs
  3 scorpions
  A water moccasin skeleton (D:5)
  6 killer bees (D:7)
  4 wights (D:13)
  A howler monkey (D:7)
  3 crimson imps
  6 orc priests
  10 orc wizards
  6 hounds
  3 giant frog skeletons
  2 gnoll shamans
  An iguana (D:12)
  Natasha (thrice) (D:4)
  7 worker ants
  4 sheep (D:11)
  A hound zombie (D:9)
  3 hound skeletons
  A worker ant zombie (D:8)
  Robin (D:2)
  A howler monkey skeleton (D:6)
  12 adders
  10 gnolls
  2 oozes
  An adder skeleton (D:5)
  A worm (D:2)
  2 dart slugs
  9 giant geckos
  41 orcs
  3 ball pythons
  16 bats
  5 giant cockroaches
  15 goblins
  10 hobgoblins
  10 jackals
  4 quokkas
  5 giant newts
  2 jackal zombies
  17 kobolds
  10 rats
338 creatures vanquished.

Vanquished Creatures (collateral kills)
  Nessos (D:13)
  A slime creature (D:12)
  An ugly thing (D:12)
  An eye of draining (D:12)
  A killer bee (D:11)
  A jelly (D:12)
  An orc (D:11)
7 creatures vanquished.

Vanquished Creatures (others)
  An orc (D:11)
  14 fungi (D:11)
  23 plants
38 creatures vanquished.

Grand Total: 383 creatures vanquished

Notes
Turn   | Place    | Note
--------------------------------------------------------------
     0 | D:1      | 4thArraOfDagon the Ogre Arcane Marksman began the quest for the Orb.
     0 | D:1      | Reached XP level 1. HP: 19/19 MP: 2/2
    19 | D:1      | and my name is
    19 | D:1      | Ciwol
    19 | D:1      | rotfl
    19 | D:1      | lets see how it'll go
   220 | D:1      | Reached XP level 2. HP: 18/27 MP: 3/3
   737 | D:2      | Reached skill level 1 in Maces & Flails
   737 | D:2      | Reached XP level 3. HP: 11/33 MP: 4/4
   772 | D:2      | Reached skill level 2 in Maces & Flails
  1036 | D:2      | Found a glowing golden altar of the Shining One.
  1036 | D:2      | Found an opulent altar of Gozag.
  1036 | D:2      | Found a basalt altar of Yredelemnul.
  1036 | D:2      | Found a stormy altar of Qazlal.
  1055 | D:2      | Found a shattered altar of Ashenzari.
  1055 | D:2      | Found a burning altar of Makhleb.
  1055 | D:2      | Found a sacrificial altar of Ru.
  1056 | D:2      | Found a deep blue altar of Sif Muna.
  1058 | D:2      | WHERE AR YE
  1058 | D:2      | KIK
  1187 | D:2      | Noticed Robin
  1262 | D:2      | Reached skill level 3 in Maces & Flails
  1301 | D:2      | Killed Robin
  1301 | D:2      | Reached XP level 4. HP: 16/41 MP: 5/5
  1428 | D:2      | Found a faded altar to an unknown god.
  1630 | D:2      | Reached skill level 4 in Maces & Flails
  2182 | D:3      | Found a glowing drain.
  2257 | Sewer    | Entered a sewer
  2300 | Sewer    | Reached XP level 5. HP: 30/48 MP: 6/6
  2344 | Sewer    | Noticed a crocodile
  2353 | Sewer    | Killed a crocodile
  2353 | Sewer    | Reached skill level 6 in Maces & Flails
  2640 | D:4      | Noticed an ogre
  2736 | D:3      | Reached XP level 6. HP: 34/57 MP: 7/7
  2963 | D:4      | Reached skill level 7 in Maces & Flails
  3024 | D:4      | Noticed a phantom
  3038 | D:4      | Killed a phantom
  3038 | D:4      | Reached skill level 8 in Maces & Flails
  3038 | D:4      | Reached XP level 7. HP: 60/68 MP: 8/8
  3063 | D:5      | Entered Level 5 of the Dungeon
  3153 | D:5      | Reached skill level 9 in Maces & Flails
  3263 | D:4      | Reached skill level 5 in Fighting
  3312 | D:4      | Noticed Natasha
  3320 | D:4      | Killed Natasha
  3363 | D:4      | Reached XP level 8. HP: 80/80 MP: 9/9
  3670 | D:5      | Reached skill level 10 in Maces & Flails
  3865 | D:6      | Got a slimy silver ring
  3875 | D:6      | Identified the ring of Firesoph {rElec rC+ rN+ Int-3 Stlth-} (You found it on level 6 of the Dungeon)
  3894 | D:6      | Found a staircase to the Ecumenical Temple.
  3920 | Temple   | Entered the Ecumenical Temple
  4013 | Temple   | Became a worshipper of Kikubaaqudgha
  4014 | Temple   | THERE
  4083 | D:6      | Reached skill level 11 in Maces & Flails
  4240 | D:6      | Reached XP level 9. HP: 27/93 MP: 10/10
  4412 | D:6      | Reached skill level 12 in Maces & Flails
  5090 | D:6      | Reached * piety under Kikubaaqudgha
  5090 | D:6      | Received a gift from Kikubaaqudgha
  5098 | D:6      | Identified Kikubaaqudgha's Grimoire of Necromancy (Kikubaaqudgha gifted it to you on level 6 of the Dungeon)
  5104 | D:6      | Learned a level 3 spell: Regeneration
  5512 | D:5      | Reached skill level 1 in Necromancy
  5602 | D:4      | Noticed Natasha
  5610 | D:4      | Killed Natasha
  5702 | D:2      | 4thArraOfDagon: lava
  5798 | D:4      | Noticed Natasha
  5799 | D:4      | Killed Natasha
  5799 | D:4      | Reached skill level 1 in Armour
  5881 | D:4      | Reached skill level 1 in Charms
  5929 | D:5      | Reached skill level 13 in Maces & Flails
  5989 | D:7      | Learned a level 2 spell: Sublimation of Blood
  6381 | D:7      | Reached XP level 10. HP: 89/106 MP: 11/13
  6395 | D:7      | Reached ** piety under Kikubaaqudgha
  6476 | D:7      | Found a huge runed gate.
  6476 | D:7      | Found a huge runed gate.
  6476 | D:7      | Found a huge runed gate.
  6476 | D:7      | Found a huge runed gate.
  6476 | D:7      | Noticed a griffon
  6476 | D:7      | Noticed a griffon
  6476 | D:7      | Noticed a griffon
  6829 | D:8      | Identified a +0 rod of inaccuracy (13/13) (You found it on level 8 of the Dungeon)
  7130 | D:9      | Noticed Erolcha
  7358 | D:9      | jacquesderrida: daaaaaaaaaaaaaaaaang
  7382 | D:9      | jacquesderrida: +2
  7382 | D:9      | jacquesderrida: L A L
  7396 | D:9      | jacquesderrida: You are late, meng
  7396 | D:9      | jacquesderrida: For the feast
  7396 | D:9      | 4thArraOfDagon: :S
  7396 | D:9      | 4thArraOfDagon: where is the
  7396 | D:9      | 4thArraOfDagon: FIST
  7396 | D:9      | jacquesderrida: Yesterday was the day of supercharging weapons
  7396 | D:9      | 4thArraOfDagon: i was heard about that i kno man
  7396 | D:9      | jacquesderrida: All the mans wielded +72 hand axes
  7396 | D:9      | 4thArraOfDagon: i was disapointed to not supercharge +10godzillion gsc
  7396 | D:9      | jacquesderrida: Pupper almost beat the record for real time 15 roon
  7396 | D:9      | jacquesderrida: But blew it even with +72 hend ax
  7396 | D:9      | 4thArraOfDagon: lol
  7396 | D:9      | jacquesderrida: By 10 minutes
  7396 | D:9      | 4thArraOfDagon: what was the time
  7415 | D:9      | jacquesderrida: 110 minutes...
  7424 | D:9      | jacquesderrida: Too slow, pupper...
  7694 | D:9      | 4thArraOfDagon: how the hell he blew it
  7750 | D:9      | Killed Erolcha
  7857 | D:10     | Entered Level 10 of the Dungeon
  7993 | D:10     | Killed an unseen horror
  8089 | D:11     | Noticed a cyclops
  8094 | D:11     | Noticed a hill giant
  8231 | D:12     | Noticed a kobold demonologist
  8237 | D:12     | Killed a kobold demonologist
  8243 | D:12     | Reached skill level 14 in Maces & Flails
  8251 | D:12     | Killed a very large slime creature
  8251 | D:12     | Reached XP level 11. HP: 51/116 MP: 14/16
  8399 | D:13     | Noticed Nessos
  8423 | D:13     | Killed Nessos
  8557 | D:13     | Noticed a cyclops
  8612 | D:13     | Killed a cyclops
  8612 | D:13     | Reached skill level 10 in Fighting
  8650 | D:13     | jacquesderrida: with wind currents
  8662 | D:14     | Noticed a purple ugly thing
  8662 | D:14     | Noticed a purple ugly thing
  8662 | D:14     | Noticed a purple ugly thing
  8662 | D:14     | Noticed a purple ugly thing
  8666 | D:14     | Noticed a centaur warrior
  8812 | D:12     | Noticed a deep elf mage
  8830 | D:12     | Killed a deep elf mage
  8838 | D:12     | Found a staircase to the Orcish Mines.
  8860 | D:12     | Noticed a cyan ugly thing
  8872 | D:12     | Killed a cyan ugly thing
  8884 | D:12     | jacquesderrida: p;z
  8884 | D:12     | jacquesderrida: plz
  8900 | D:12     | Gained mutation: You are dopey. (Int -2) [mutagenic meat]
  8901 | D:12     | Gained mutation: Potions and wands are less effective at restoring your health. [mutagenic meat]
  8902 | D:12     | Gained mutation: You are weak. (Str -2) [mutagenic meat]
  8903 | D:12     | Lost mutation: You are dopey. (Int -2) [mutagenic meat]
  8930 | D:12     | Learned a level 4 spell: Animate Dead
  8987 | D:12     | Noticed a hill giant
  8999 | D:12     | Killed a hill giant
  8999 | D:12     | Reached skill level 1 in Evocations
  9337 | D:12     | Killed an unseen horror
  9419 | D:12     | jacquesderrida: yek
  9453 | D:12     | jacquesderrida: ri gen...
  9464 | D:12     | jacquesderrida: plz
  9474 | D:12     | jacquesderrida: thx
  9518 | D:12     | Reached *** piety under Kikubaaqudgha
  9518 | D:12     | Received a gift from Kikubaaqudgha
  9519 | D:12     | Identified Kikubaaqudgha's Papyrus of Necromancy (Kikubaaqudgha gifted it to you on level 12 of the Dungeon)
  9520 | D:12     | jacquesderrida: kiker
  9533 | D:12     | jacquesderrida: thank kiker
  9533 | D:12     | Learned a level 5 spell: Dispel Undead
  9538 | D:12     | Learned a level 4 spell: Summon Lightning Spire
  9673 | D:12     | Reached XP level 12. HP: 107/127 MP: 4/18
  9933 | Orc:1    | Entered Level 1 of the Orcish Mines
 10037 | D:12     | Reached skill level 5 in Spellcasting
 10287 | D:10     | Reached skill level 5 in Necromancy
 10325 | D:11     | Reached skill level 15 in Maces & Flails
 10414 | D:11     | Noticed Snorg
 10421 | D:11     | Killed Snorg
 10454 | D:11     | Noticed Maurice
 10462 | D:11     | Killed Maurice
 10604 | D:11     | Noticed Inverse's ghost (journeyman DrAr)
 10630 | D:11     | jacquesderrida: heh
 10644 | D:11     | jacquesderrida: gredin
 10731 | D:12     | Gained mutation: You are partially covered in rough black scales (AC +4, Dex -1). [mutagenic meat]
 10732 | D:12     | Gained mutation: You have sharp fingernails. [mutagenic meat]
 10733 | D:12     | Gained mutation: Your movements are slightly less encumbered by armour (ER -2). [mutagenic meat]
 10734 | D:12     | Gained mutation: Your natural rate of healing is unusually fast. [mutagenic meat]
 10787 | D:11     | Reached skill level 5 in Dodging
 10900 | D:11     | jacquesderrida: also mens!
 10904 | D:11     | jacquesderrida: Happy eight of March!!
 10908 | D:11     | jacquesderrida: Woooo!!!!
 10913 | D:11     | Killed Inverse's ghost
 11056 | D:11     | jacquesderrida: .
 11057 | D:11     | HP: 2/128 [troll (11)]
 11059 | D:11     | Slain by a troll

Vault maps used:
D:1:      dpeg_arrival_chambers_temple_mockup
D:2:      grunt_temple_overflow_open, ecumenical_altar_2,
          kennysheep_cross_bottleneck, uniq_robin
D:3:      portal_sewer_entry_f
D:4:      uniq_natasha, uniq_crazy_yiuf_cottage
D:5:      first_bread
D:6:      kennysheep_housing_project, temple_pool_b
D:7:      lemuel_bear_cage
D:9:      uniq_erolcha
D:11:     grunt_lair_entry_orc_guard_hut, special_room, uniq_maurice, uniq_snorg
D:12:     orc_0_dummy
D:13:     grunt_vaults_entry_tiered, grunt_ogre_cave, spider_trap, uniq_nessos
D:14:     hangedman_decor_push, tgw_lugonu_bribe
Temple:   oiseaux_autumnal_temple_12
Orc:1:    guppyfry_library_mini
Sewer:    sewer_big_baddie

Skill      XL: |  1  2  3  4  5  6  7  8  9 10 11 12 |
---------------+-------------------------------------+-----
Throwing       | 3 |  3.0
Maces & Flails | 1 3 4 6 8 9 11 13 14 15 | 15.4
Fighting       | 2 3 5 7 8 9 10 | 10.9
Dodging        | 2 3 4 5 |  5.1
Necromancy     | 2 3 4 5 |  5.5
Armour         | 1 2 3 4 |  4.2
Charms         | 1 3 4 |  4.8
Spellcasting   | 2 3 4 5 |  5.5
Evocations     | 2 3 |  3.9
Hexes          | |  2.1

Action                   |  1- 3 |  4- 6 |  7- 9 | 10-12 || total
-------------------------+-------+-------+-------+-------++-------
Melee: Club              |   126 |   202 |       |       ||   328
       Unarmed           |     6 |       |       |       ||     6
       Flail             |       |    71 |    17 |       ||    88
       Giant club        |       |     4 |     1 |       ||     5
       Mace              |       |       |   262 |     6 ||   268
       Giant spiked club |       |       |    33 |   449 ||   482
       Whip              |       |       |    28 |       ||    28
Throw: Large rock        |    15 |    12 |    33 |    34 ||    94
       Throwing net      |     7 |     1 |     1 |    10 ||    19
 Cast: Corona            |     1 |       |       |       ||     1
       Regeneration      |       |       |     1 |    99 ||   100
       Animate Dead      |       |       |       |     2 ||     2
Evoke: Wand              |       |     5 |    13 |     5 ||    23
       Box of beasts     |       |       |       |     9 ||     9
       Phial of floods   |       |       |       |     2 ||     2
       Lamp of fire      |       |       |       |     1 ||     1
  Use: Scroll            |     1 |     7 |     6 |    14 ||    28
       Potion            |       |     3 |       |     6 ||     9
 Stab: Sleeping          |       |     1 |       |       ||     1
       Held in net/web   |       |       |       |     3 ||     3
  Eat: Chunk             |     2 |     7 |    12 |    31 ||    52
       Fruit             |       |       |       |     2 ||     2
       Royal jelly       |       |       |       |     3 ||     3
       Pizza             |       |       |       |     3 ||     3
       Beef jerky        |       |       |       |     2 ||     2
